 Dungeon Crawl Stone Soup version 0.31.0 (webtiles) character file.

Game seed: 9930324571061461257

1 Daunt the Chopper (level 1, 0/18 HPs)
             Began as a Hill Orc Reaver on Jan 20, 2024.
             Slain by a kobold
             ... wielding a +0 short sword of venom
              (4 damage)
             ... on level 1 of the Dungeon.
             The game lasted 00:01:28 (49 turns).

Daunt the Chopper (Hill Orc Reaver)                   Turns: 49, Time: 00:01:29

Health: 0/18       AC:  3    Str: 14    XL:     1   Next: 20%
Magic:  1/3        EV: 11    Int: 13    God:
Gold:   15         SH:  0    Dex:  9    Spells: 2/3 levels left

rFire   . . .        a - +0 hand axe
rCold   . . .        (no shield)
rNeg    . . .        b - +0 leather armour
rPois   .            (no helmet)
rElec   .            (no cloak)
rCorr   .            (no gloves)
SInv    .            (no boots)
Will    .....        (no amulet)
Stlth   +            (no ring)
HPRegen 0.23/turn    (no ring)
MPRegen 0.08/turn

%: no passive effects
@: lethally poisoned (0 -> -11), very slightly contaminated
A: no striking features
a: no special abilities


You were on level 1 of the Dungeon.
You visited 1 branch of the dungeon, and saw 1 of its levels.

You collected 15 gold pieces.

Inventory:

Hand Weapons
 a - a +0 hand axe (weapon)
Armour
 b - a +0 leather armour (worn)
Potions
 c - a potion of mutation {unknown}


   Skills:
 + Level 2.4 Fighting
 * Level 4.1 Axes
 - Level 1.5 Dodging
 - Level 1.5 Spellcasting
 - Level 3.0 Conjurations


You had 2 spell levels left.
You knew the following spells:

 Your Spells              Type           Power      Damage    Failure   Level
a - Kiss of Death         Conj/Necr      16%        2d6       19%         1

Your spell library contained the following spells:

 Spells                   Type           Power      Damage    Failure   Level
 Momentum Strike          Conj/Tloc      8%         3d8       28%         2
 Hailstorm                Conj/Ice       4%         3d5       50%         3


Dungeon Overview and Level Annotations

Branches:
Dungeon (1/15)

Altars:


Message History

The kobold attacks as it pursues you! The kobold closely misses you.
You hit the kobold but do no damage. The kobold hits you with a +0 whip.
You barely miss the kobold. The kobold hits you with a +0 whip.
Unknown command.
Unknown command.
You hit the kobold.
You kill the kobold!
The kobold hits you with a +0 short sword of venom.
You are lethally poisoned!
Unknown command.
Unknown command.
Okay, then.
Unknown command.
Casting: Kiss of Death (safe; 19% risk of failure)
Confirm with . or Enter, or press ? or * to list all spells.
Okay, then.
Unknown command.
Casting: Kiss of Death (safe; 19% risk of failure)
Confirm with . or Enter, or press ? or * to list all spells.
Aiming: Kiss of Death (safe; 19% risk of failure)
Press: ? - help, Shift-Dir - straight line, f - kobold
Aim: a kobold, wielding a +0 short sword of venom and quivering stones (100% to hit)
You miscast Kiss of Death.
You are very lightly contaminated with residual magic.
Nothing appears to happen.
You feel very sick.
The kobold hits you with a +0 short sword of venom.
You are more poisoned.
Unknown command.
Unknown command.
Casting: Kiss of Death (safe; 19% risk of failure)
Confirm with . or Enter, or press ? or * to list all spells.
Aiming: Kiss of Death (safe; 19% risk of failure)
Press: ? - help, Shift-Dir - straight line, f/p - kobold
Aim: a kobold, wielding a +0 short sword of venom and quivering stones (100% to hit)
You miscast Kiss of Death.
Nothing appears to happen.
* * * LOW HITPOINT WARNING * * *
You feel very sick.
The kobold hits you with a +0 short sword of venom.
You die...

...#~P~PP.# #...PP~P~.#
#..#~~♣P~.# .....~~P..#
~~.~~~~~..# #########
~~P~♣P..# #.......#
♣P~..# #.#####.#
♣~~P#K#### #....##.##
♣~~~~##@##.####..#......
♣~~KP #...............##
~≈≈~~# ####.........####
~~~P~ ##...........#


P~PP. #...........## #####..........## ................## .......≈≈≈.≈≈≈...#
......≈≈.....≈≈...# You could see a kobold.

Vanquished Creatures
  A kobold (D:1)
1 creature vanquished.

Notes
Turn   | Place    | Note
-------+----------+-------------------------------------------
     0 | D:1      | Daunt the Hill Orc Reaver began the quest for the Orb.
     0 | D:1      | Reached XP level 1. HP: 18/18 MP: 3/3
    49 | D:1      | Slain by a kobold

Illustrated notes

Levels and vault maps discovered:
D:1:      moated_graveyard_arrival, layout_loops_cross, serial_bayou,
          serial_bayou_lagoon_b, serial_bayou_pond_a, serial_bayou_ford_a,
          serial_bayou_pond_e, serial_bayou_lagoon_a

Action                     || total
---------------------------++-------
  Melee: Hand axe          ||     5
 Armour: Leather armour    ||     5
  Dodge: Dodged            ||     2
